NCAA
TEXAS TECH RED RAIDERS @ OKLAHOMA STATE COWBOYS
05/22/2027
 
TOP OF THE 1ST
Texas Tech Red Raiders batting - Pitching for Oklahoma State Cowboys : RHP Landon Bailey
Pitching: RHP Landon Bailey
Batting: RHB Sam Lynch 0-0: Ball
1-0: Ball
2-0: Called Strike
2-1: Foul Ball, location: 2F
2-2: Ball
3-2: Foul Ball, location: 2F
3-2: Strikes out swinging
Batting: RHB Lorenzo Hernández 0-0: Ground out 4-3 (Groundball, 4)
Batting: RHB Cameron Irwin 0-0: Called Strike
0-1: Ball
1-1: Swinging Strike
1-2: Fly out, F9 (Flyball, 89S)
Top of the 1st over - 0 run(s), 0 hit(s), 0 error(s), 0 left on base; Texas Tech 0 - Oklahoma State 0
BOTTOM OF THE 1ST
Oklahoma State Cowboys batting - Pitching for Texas Tech Red Raiders : RHP Royce Muńóz
Pitching: RHP Royce Muńóz
Batting: RHB Joe Sulley 0-0: Called Strike
0-1: Swinging Strike
0-2: Ball
1-2: Ball
2-2: Ball
3-2: Foul Ball, location: 2F
3-2: SINGLE (Flyball, 8LS)
Batting: RHB Larry Young 0-0: Swinging Strike
0-1: Ball
Joe Sulley steals 2nd base
1-1: Called Strike
1-2: Fly out, F8 (Flyball, 8RM)
Batting: RHB John Lynch 0-0: Ball
Wild Pitch!
Joe Sulley to third
1-0: Ball
2-0: Fly out, F9 (Flyball, 9S)
Batting: LHB Bill Bryan 0-0: Ball
1-0: Ball
2-0: Ball
3-0: Called Strike
3-1: Ground out U3 (Groundball, 34)
Bottom of the 1st over - 0 run(s), 1 hit(s), 0 error(s), 1 left on base; Texas Tech 0 - Oklahoma State 0
TOP OF THE 2ND
Texas Tech Red Raiders batting - Pitching for Oklahoma State Cowboys : RHP Landon Bailey
Batting: LHB Arthur Guzmán 0-0: Foul Ball, location: 2F
0-1: Foul Ball, location: 2F
0-2: SINGLE (Groundball, 34D)
Batting: RHB Gilberto Bautista 0-0: Called Strike
0-1: Ball
1-1: Foul Ball, location: 2F
1-2: Ball
2-2: Fly out, F9 (Flyball, 9LM)
Batting: RHB Josh Bergman 0-0: Ball
1-0: Called Strike
1-1: Fly out, F9 (Flyball, 9LS)
Batting: RHB Ángel Herrera 0-0: Called Strike
0-1: Ball
1-1: Ball
2-1: Foul Ball, location: 2F
2-2: Strikes out swinging
Top of the 2nd over - 0 run(s), 1 hit(s), 0 error(s), 1 left on base; Texas Tech 0 - Oklahoma State 0
BOTTOM OF THE 2ND
Oklahoma State Cowboys batting - Pitching for Texas Tech Red Raiders : RHP Royce Muńóz
Batting: RHB Augusto Padilla 0-0: Ball
1-0: Called Strike
1-1: Ball
2-1: Ball
3-1: Ground out 4-3 (Groundball, 4)
Batting: RHB Sean Merritt 0-0: Ball
1-0: Called Strike
1-1: Ball
2-1: Ball
3-1: Base on Balls
Batting: LHB César Colón 0-0: Ball
1-0: Fly out, F7 (Flyball, 7)
Batting: LHB Horace Kramer 0-0: Called Strike
0-1: Called Strike
0-2: Ground out 4-3 (Groundball, 4S)
Bottom of the 2nd over - 0 run(s), 0 hit(s), 0 error(s), 1 left on base; Texas Tech 0 - Oklahoma State 0
TOP OF THE 3RD
Texas Tech Red Raiders batting - Pitching for Oklahoma State Cowboys : RHP Landon Bailey
Batting: SHB Andrés Cruz 0-0: Fly out, F8 (Flyball, 8RM)
Batting: RHB Nick McIntyre 0-0: Ball
1-0: Ball
2-0: Ball
3-0: Base on Balls
Batting: RHB Sam Lynch 0-0: Called Strike
0-1: Ball
1-1: Swinging Strike
1-2: Ball
2-2: Fielders Choice at 2nd, 6-4 (Groundball, 6D)
Batting: RHB Lorenzo Hernández 0-0: Ball
1-0: Swinging Strike
1-1: Ball
2-1: Called Strike
2-2: Strikes out swinging
Top of the 3rd over - 0 run(s), 0 hit(s), 0 error(s), 1 left on base; Texas Tech 0 - Oklahoma State 0
BOTTOM OF THE 3RD
Oklahoma State Cowboys batting - Pitching for Texas Tech Red Raiders : RHP Royce Muńóz
Batting: RHB Burt Sharp 0-0: Foul Ball, location: 2F
0-1: Bunt missed!
0-2: Foul Ball, location: 2F
0-2: Ball
1-2: Strikes out looking
Batting: RHB Joe Sulley 0-0: Ball
1-0: Ball
2-0: Ball
3-0: Called Strike
3-1: Foul Ball, location: 2F
3-2: Strikes out swinging
Batting: RHB Larry Young 0-0: Swinging Strike
0-1: Ball
1-1: Swinging Strike
1-2: Strikes out swinging
Bottom of the 3rd over - 0 run(s), 0 hit(s), 0 error(s), 0 left on base; Texas Tech 0 - Oklahoma State 0
TOP OF THE 4TH
Texas Tech Red Raiders batting - Pitching for Oklahoma State Cowboys : RHP Landon Bailey
Batting: RHB Cameron Irwin 0-0: Called Strike
0-1: Swinging Strike
0-2: Foul Ball, location: 2F
0-2: Ball
1-2: Ball
2-2: Ground out 6-3 (Groundball, 6)
Batting: LHB Arthur Guzmán 0-0: Foul Ball, location: 2F
0-1: Called Strike
0-2: Foul Ball, location: 2F
0-2: Strikes out swinging
Batting: RHB Gilberto Bautista 0-0: Foul Ball, location: 2F
0-1: Ball
1-1: Swinging Strike
1-2: Strikes out looking
Top of the 4th over - 0 run(s), 0 hit(s), 0 error(s), 0 left on base; Texas Tech 0 - Oklahoma State 0
BOTTOM OF THE 4TH
Oklahoma State Cowboys batting - Pitching for Texas Tech Red Raiders : RHP Royce Muńóz
Batting: RHB John Lynch 0-0: Ball
1-0: Ball
2-0: Ball
3-0: Base on Balls
Batting: LHB Bill Bryan 0-0: Ball
1-0: Foul Ball, location: 2F
1-1: Foul Ball, location: 2F
1-2: Strikes out looking
Batting: RHB Augusto Padilla 0-0: Ball
1-0: Foul Ball, location: 2F
1-1: Ball
2-1: Ball
3-1: Base on Balls
John Lynch to second
Batting: RHB Sean Merritt 0-0: Grounds into double play, 6-4-3 (Groundball, 6)
Bottom of the 4th over - 0 run(s), 0 hit(s), 0 error(s), 1 left on base; Texas Tech 0 - Oklahoma State 0
TOP OF THE 5TH
Texas Tech Red Raiders batting - Pitching for Oklahoma State Cowboys : RHP Landon Bailey
Batting: RHB Josh Bergman 0-0: Called Strike
0-1: Ball
1-1: Called Strike
1-2: Strikes out swinging
Batting: RHB Ángel Herrera 0-0: Ball
1-0: Ball
2-0: Foul Ball, location: 2F
2-1: Foul Ball, location: 2F
2-2: Foul Ball, location: 2F
2-2: Ball
3-2: Foul Ball, location: 2F
3-2: Strikes out swinging
Batting: SHB Andrés Cruz 0-0: Ball
1-0: Called Strike
1-1: Called Strike
1-2: Ball
2-2: SINGLE (Groundball, 23) (infield hit)
Batting: RHB Nick McIntyre 0-0: Ball
1-0: Ball
2-0: Called Strike
2-1: Foul Ball, location: 2F
2-2: Fly out, F5 (Popup, 5D)
Top of the 5th over - 0 run(s), 1 hit(s), 0 error(s), 1 left on base; Texas Tech 0 - Oklahoma State 0
BOTTOM OF THE 5TH
Oklahoma State Cowboys batting - Pitching for Texas Tech Red Raiders : RHP Royce Muńóz
Batting: LHB César Colón 0-0: Ball
1-0: Ball
2-0: Called Strike
2-1: Ball
3-1: Base on Balls
Batting: LHB Horace Kramer 0-0: Ball
César Colón is caught stealing 2nd base
1-0: Called Strike
1-1: Foul Ball, location: 2F
1-2: Ball
2-2: Fly out, F8 (Flyball, 8LM)
Batting: RHB Burt Sharp 0-0: Ball
1-0: SINGLE (Groundball, 6MD)
Batting: RHB Joe Sulley 0-0: Foul Ball, location: 2F
0-1: Ball
1-1: SINGLE (Groundball, 4) (infield hit)
Burt Sharp to second
Batting: RHB Larry Young 0-0: Ball
Wild Pitch!
Burt Sharp to third
Joe Sulley to second
1-0: Ball
2-0: Ball
3-0: Base on Balls
Pitching: RHP José Fernández
Batting: RHB John Lynch 0-0: SINGLE (Groundball, 6D)
Burt Sharp scores
Joe Sulley to third
Larry Young to second
Throwing error, E7
Joe Sulley scores
Larry Young to third
John Lynch to second
Batting: LHB Bill Bryan 0-0: Ball
1-0: Swinging Strike
1-1: Ball
2-1: Ball
3-1: Base on Balls
Batting: RHB Augusto Padilla 0-0: Swinging Strike
0-1: Ball
1-1: Ball
2-1: Called Strike
2-2: Ball
3-2: SINGLE (Groundball, 56D)
Larry Young scores
John Lynch to third
Bill Bryan to second
John Lynch scores
Bill Bryan to third
Batting: RHB Sean Merritt 0-0: Ground out 5-3 (Groundball, 56S)
Bottom of the 5th over - 4 run(s), 4 hit(s), 1 error(s), 2 left on base; Texas Tech 0 - Oklahoma State 4
TOP OF THE 6TH
Texas Tech Red Raiders batting - Pitching for Oklahoma State Cowboys : RHP Landon Bailey
Batting: RHB Sam Lynch 0-0: Ball
1-0: Ball
2-0: Ground out 5-3 (Groundball, 5S)
Pitching: LHP Jack Oglethorpe
Batting: RHB Lorenzo Hernández 0-0: Ball
1-0: Ball
2-0: Swinging Strike
2-1: Ball
3-1: Foul Ball, location: 2F
3-2: Ground out 5-3 (Groundball, 5S)
Batting: RHB Cameron Irwin 0-0: Called Strike
0-1: Foul Ball, location: 2F
0-2: Hit by Pitch
Batting: LHB Arthur Guzmán 0-0: Foul Ball, location: 2F
0-1: Foul Ball, location: 2F
0-2: Foul Ball, location: 2F
0-2: Ball
1-2: Ball
2-2: Foul Ball, location: 2F
2-2: Fly out, F7 (Flyball, 78M)
Top of the 6th over - 0 run(s), 0 hit(s), 0 error(s), 1 left on base; Texas Tech 0 - Oklahoma State 4
BOTTOM OF THE 6TH
Oklahoma State Cowboys batting - Pitching for Texas Tech Red Raiders : RHP Brent McPherson
Pitching: RHP Brent McPherson
Batting: LHB César Colón 0-0: Ball
1-0: Hit by Pitch
Batting: LHB Horace Kramer 0-0: Foul Ball, location: 2F
0-1: Ball
1-1: Ball
2-1: Swinging Strike
2-2: Strikes out looking
Batting: RHB Burt Sharp 0-0: Swinging Strike
0-1: Swinging Strike
0-2: Ball
Throwing error on steal attempt, E2
César Colón to third
1-2: Ball
2-2: DOUBLE (Line Drive, 78M)
César Colón scores
Batting: RHB Joe Sulley 0-0: Swinging Strike
0-1: Ball
1-1: Ball
Burt Sharp steals 3rd base
2-1: Ball
3-1: Fly out, F8 (Flyball, 8RM)
Runner from 3rd tags up, SCORES, no throw
Batting: RHB Larry Young 0-0: Ball
1-0: Ball
2-0: Ball
3-0: Swinging Strike
3-1: Base on Balls
Batting: RHB John Lynch 0-0: Foul Ball, location: 2F
0-1: Ball
1-1: Ball
2-1: Ball
3-1: SINGLE (Groundball, 56D)
Larry Young to second
Batting: LHB Bill Bryan 0-0: DOUBLE (Line Drive, 9LM)
Larry Young scores
John Lynch to third
Pitching: RHP Ken Slaugh
Batting: RHB Augusto Padilla 0-0: Ball
1-0: Ground out 6-3 (Groundball, 6)
Bottom of the 6th over - 3 run(s), 3 hit(s), 1 error(s), 2 left on base; Texas Tech 0 - Oklahoma State 7
TOP OF THE 7TH
Texas Tech Red Raiders batting - Pitching for Oklahoma State Cowboys : LHP Jack Oglethorpe
Batting: RHB Gilberto Bautista 0-0: Called Strike
0-1: Swinging Strike
0-2: Strikes out swinging
Batting: RHB Josh Bergman 0-0: Ball
1-0: Ball
2-0: Ball
3-0: Base on Balls
Batting: RHB Ángel Herrera 0-0: Called Strike
0-1: Foul Ball, location: 2F
0-2: SINGLE (Groundball, 6MD)
Josh Bergman to second
Runner from 2nd tries for 3rd, SAFE, no throw
Batting: SHB Andrés Cruz 0-0: Foul Ball, location: 2F
0-1: Swinging Strike
0-2: Strikes out swinging
Batting: RHB Nick McIntyre 0-0: Foul Ball, location: 2F
0-1: Ball
1-1: Ball
2-1: Foul Ball, location: 2F
2-2: Strikes out swinging
Top of the 7th over - 0 run(s), 1 hit(s), 0 error(s), 2 left on base; Texas Tech 0 - Oklahoma State 7
BOTTOM OF THE 7TH
Oklahoma State Cowboys batting - Pitching for Texas Tech Red Raiders : RHP Ken Slaugh
Batting: RHB Sean Merritt 0-0: Called Strike
0-1: Ball
1-1: Foul Ball, location: 2F
1-2: Ball
2-2: Strikes out looking
Batting: LHB César Colón 0-0: Ball
1-0: Ball
2-0: Called Strike
2-1: SINGLE (Line Drive, 89S)
Batting: LHB Horace Kramer 0-0: Called Strike
0-1: Ball
1-1: Ball
César Colón is caught stealing 2nd base
2-1: SINGLE (Groundball, 56D)
Batting: RHB Burt Sharp 0-0: Called Strike
0-1: Ball
1-1: Foul Ball, location: 2F
1-2: Foul Ball, location: 2F
1-2: Ball
Horace Kramer steals 2nd base
2-2: Ball
3-2: Ground out 4-3 (Groundball, 4)
Bottom of the 7th over - 0 run(s), 2 hit(s), 0 error(s), 1 left on base; Texas Tech 0 - Oklahoma State 7
TOP OF THE 8TH
Texas Tech Red Raiders batting - Pitching for Oklahoma State Cowboys : LHP Jack Oglethorpe
Batting: RHB Sam Lynch 0-0: Swinging Strike
0-1: Called Strike
0-2: Ground out 6-3 (Groundball, 6)
Batting: RHB Lorenzo Hernández 0-0: Called Strike
0-1: Called Strike
0-2: Foul Ball, location: 2F
0-2: Foul Ball, location: 2F
0-2: Ball
1-2: Foul Ball, location: 2F
1-2: Foul Ball, location: 2F
1-2: Foul Ball, location: 2F
1-2: Ball
2-2: SINGLE (Line Drive, 78S)
Batting: RHB Cameron Irwin 0-0: SINGLE (Flyball, 8LS)
Lorenzo Hernández to second
Batting: LHB Arthur Guzmán 0-0: Ground out 5-3 (Groundball, 56S)
Lorenzo Hernández to third
Cameron Irwin to second
Batting: RHB Gilberto Bautista 0-0: Called Strike
0-1: Ball
1-1: Ball
2-1: Swinging Strike
2-2: Ball
3-2: Strikes out swinging
Top of the 8th over - 0 run(s), 2 hit(s), 0 error(s), 2 left on base; Texas Tech 0 - Oklahoma State 7
BOTTOM OF THE 8TH
Oklahoma State Cowboys batting - Pitching for Texas Tech Red Raiders : RHP Ken Slaugh
Batting: RHB Joe Sulley 0-0: Ball
1-0: Fly out, F8 (Flyball, 8LS)
Batting: RHB Larry Young 0-0: Ball
1-0: Ball
2-0: Called Strike
2-1: Swinging Strike
2-2: Ball
3-2: Foul Ball, location: 2F
3-2: Fly out, F8 (Flyball, 8LD)
Batting: RHB John Lynch 0-0: Ground out 5-3 (Groundball, 5)
Bottom of the 8th over - 0 run(s), 0 hit(s), 0 error(s), 0 left on base; Texas Tech 0 - Oklahoma State 7
TOP OF THE 9TH
Texas Tech Red Raiders batting - Pitching for Oklahoma State Cowboys : LHP Jack Oglethorpe
Batting: RHB Josh Bergman 0-0: Ball
1-0: Ball
2-0: Foul Ball, location: 2F
2-1: Ball
3-1: Base on Balls
Pitching: RHP Joe Bell
Batting: RHB Ángel Herrera 0-0: DOUBLE (Line Drive, 7LS)
Josh Bergman to third
Batting: SHB Andrés Cruz 0-0: Fly out, F7 (Flyball, 7LM)
Runner from 3rd tags up, SCORES, no throw
Batting: RHB Nick McIntyre 0-0: Called Strike
0-1: Ball
1-1: Fly out, F5 (Line Drive, 56)
Lined into DP, 5-4 (Line Drive, 56)
Top of the 9th over - 1 run(s), 1 hit(s), 0 error(s), 0 left on base; Texas Tech 1 - Oklahoma State 7
Thursday, March 30th, 2017 - OOTP Baseball 17.12 Build 75